 Dungeon Crawl Stone Soup version 0.31.0-11-ge490571c62 (webtiles) character file.

Game seed: 10498694806650877572

544 shadizar the Trooper (level 7, -3/54 HPs)
             Began as a Djinni Fire Elementalist on Jan 27, 2024.
             Slain by a sleepcap (8 damage)
             ... on level 5 of the Dungeon.
             The game lasted 00:05:05 (2665 turns).

shadizar the Trooper (Djinni Fire Elementalist)     Turns: 2665, Time: 00:05:05

Health: -3/54      AC:  2    Str:  6 (7)  XL:     7   Next: 52%
Gold:   226        EV: 12    Int: 16 (19) God:
                   SH:  0    Dex: 11 (13)

rFire   + + .        (no weapon)
rCold   x . .        (no shield)
rNeg    . . .        a - +0 robe
rPois   ∞            (no helmet)
rElec   .            (no cloak)
rCorr   .            (no gloves)
SInv    .            (boots unavailable)
Will    .....        e - amulet of regeneration
Stlth   ++           b - ring of wizardry
HPRegen 1.09/turn    f - +4 ring of slaying
MPRegen 0.00/turn

%: wizardry (x1), infuse magic (-4 HP)
@: brilliant, attractive, flying
A: sickness immunity, fire resistance 2, cold vulnerability 1, float, innate
caster, HP casting, extra vitality 1
a: no special abilities


You were on level 5 of the Dungeon.
You visited 1 branch of the dungeon, and saw 5 of its levels.

You collected 226 gold pieces.

Inventory:

Armour
 a - a +0 robe (worn)
Jewellery
 b - a ring of wizardry (left hand)
 e - an amulet of regeneration (around neck)
 f - a +4 ring of slaying (right hand)
 h - an amulet of reflection
Scrolls
 c - a scroll of fog {unknown}
 d - 2 scrolls of identify
Potions
 k - a potion of magic {unknown}
 n - 2 potions of degeneration
 o - a potion of lignification {unknown}
 p - a potion of haste {unknown}


   Skills:
 + Level 5.2 Fighting
 - Level 2.1 Dodging
 - Level 1.5 Stealth
 + Level 5.1 Spellcasting
 + Level 5.1 Conjurations
 + Level 5.1 Hexes
 + Level 5.1 Summonings
 + Level 5.1 Necromancy
 + Level 5.1 Translocations
 + Level 5.1 Fire Magic
 + Level 5.1 Ice Magic
 + Level 5.1 Air Magic
 + Level 5.1 Earth Magic
 + Level 5.1 Alchemy


You knew the following spells:

 Your Spells              Type           Power      Damage    Failure   Level
a - Foxfire               Conj/Fire      100%       2x1d9     1%          1
b - Scorch                Fire           60%        2d7       1%          2
c - Volatile Blastmotes   Fire/Tloc      60%        2d15      2%          3
d - Inner Flame           Hex/Fire       30%        N/A       2%          3
e - Flame Wave            Conj/Fire      30%        2d9       8%          4
f - Magic Dart            Conj           100%       1d8       1%          1
g - Mercury Vapours       Alch/Air       60%        N/A       1%          2
h - Fugue of the Fallen   Necr           30%        N/A       2%          3
Your spell library was empty.

Dungeon Overview and Level Annotations

Branches:
Dungeon (5/15)
 Temple: D:4-7

Altars:

Shops:
D:1 :

Annotations:
D:4 Dowan, Sigmund


Innate Abilities, Weirdness & Mutations

You are immune to sickness and miasma.
You are immune to poison.
Your flesh is very heat resistant. (rF++)
You are vulnerable to cold. (rC-)
You float through the air rather than walking.
You learn spells naturally, not from books.
Your magical power is your life essence.
You have superior vitality. (+4 MHP)


Message History

Casting: Scorch (safe; 1% risk of failure)
Confirm with . or Enter, or press ? or * to list all spells.
Flames lash the sleepcap.
The sleepcap is lightly damaged.
The sleepcap's fire resistance burns away.
* * * LOW HITPOINT WARNING * * *
The sleepcap barely misses you.
Your iguana bites the sleepcap.
Casting: Scorch (safe; 1% risk of failure)
Confirm with . or Enter, or press ? or * to list all spells.
Flames lash the gnoll.
The gnoll is severely wounded.
The gnoll's fire resistance burns away.
* * * LOW HITPOINT WARNING * * *
The sleepcap closely misses you.
Casting: Scorch (safe; 1% risk of failure)
Confirm with . or Enter, or press ? or * to list all spells.
Flames lash the gnoll.
The gnoll is burned terribly!
You kill the gnoll!
* * * LOW HITPOINT WARNING * * *
The sleepcap barely misses you.
Unknown command.
Casting: Scorch (safe; 1% risk of failure)
Confirm with . or Enter, or press ? or * to list all spells.
Flames lash the sleepcap.
The sleepcap is burned terribly!
The sleepcap is almost destroyed.
* * * LOW HITPOINT WARNING * * *
The sleepcap releases spores at you.
* * * LOW HITPOINT WARNING * * *
The gnoll hits you from afar with a +0 spear!
* * * LOW HITPOINT WARNING * * *
It was a potion of brilliance.
You feel clever all of a sudden. The sleepcap releases spores at you.
* * * LOW HITPOINT WARNING * * *
The gnoll hits you from afar with a +0 spear.
* * * LOW HITPOINT WARNING * * *
It was a potion of attraction.
You feel attractive to monsters. The sleepcap releases spores at you!
You die...

### ..#
#########.# #####
#....gg.gf#......
#.#######.g......
#)# #<.....$.).$#
#)# ##.......##.#
#f####....?..#
#l@)g....|...#
######.......#
#.......#
#.....$.#
#...[...#
#.......#


You could see a sleepcap (combustible), a gnoll (ally target) and a friendly
iguana (summoned).

Vanquished Creatures
  Duvessa (D:4)
  2 scorpions (D:4)
  2 hounds
  Jessica (D:2)
  An orc wizard (D:3)
  2 adders (D:4)
  2 gnolls (D:5)
  2 dart slugs
  6 orcs (D:3)
  7 endoplasms
  4 goblins
  4 hobgoblins
  4 jackals (D:1)
  2 quokkas (D:1)
  5 ball pythons
  5 bats
  2 frilled lizards
  A kobold (D:3)
  8 rats
61 creatures vanquished.

Vanquished Creatures (collateral kills)
  A gnoll sergeant (D:5)
  A hound (D:5)
  2 gnolls (D:5)
4 creatures vanquished.

Vanquished Creatures (others)
  340 foxfires
340 creatures vanquished.

Grand Total: 405 creatures vanquished

Notes
Turn   | Place    | Note
-------+----------+-------------------------------------------
     0 | D:1      | shadizar the Djinni Fire Elementalist began the quest for
                  | the Orb.
     0 | D:1      | shadizar set off with the following spells memorised:
                  | Foxfire, Scorch, Volatile Blastmotes, Inner Flame, Flame
                  | Wave.
     0 | D:1      | Reached XP level 1. HP: 15/15 MP: 0/0
   212 | D:1      | Reached XP level 2. HP: 18/22 MP: 0/0
   247 | D:1      | Found Doxuz's Book Shoppe.
   354 | D:1      | Reached skill level 1 in Fighting
  1145 | D:2      | Reached XP level 3. HP: 27/27 MP: 0/0
  1145 | D:2      | Learned a level 1 spell: Magic Dart
  1454 | D:2      | Noticed Jessica
  1457 | D:2      | Killed Jessica
  1458 | D:2      | Reached XP level 4. HP: 31/33 MP: 0/0
  1926 | D:3      | Reached XP level 5. HP: 40/40 MP: 0/0
  1926 | D:3      | Learned a level 2 spell: Mercury Vapours
  2413 | D:4      | Reached XP level 6. HP: 47/47 MP: 0/0
  2608 | D:4      | Noticed Duvessa
  2608 | D:4      | Noticed Dowan
  2617 | D:4      | Killed Duvessa
  2617 | D:4      | Noticed Sigmund
  2618 | D:4      | Reached XP level 7. HP: 44/53 MP: 0/0
  2618 | D:4      | Learned a level 3 spell: Fugue of the Fallen
  2621 | D:5      | Entered Level 5 of the Dungeon
  2652 | D:5      | Reached skill level 5 in Fighting
  2652 | D:5      | Reached skill level 5 in Spellcasting
  2652 | D:5      | Reached skill level 5 in Conjurations
  2652 | D:5      | Reached skill level 5 in Hexes
  2652 | D:5      | Reached skill level 5 in Summonings
  2652 | D:5      | Reached skill level 5 in Necromancy
  2652 | D:5      | Reached skill level 5 in Translocations
  2652 | D:5      | Reached skill level 5 in Fire Magic
  2652 | D:5      | Reached skill level 5 in Ice Magic
  2652 | D:5      | Reached skill level 5 in Air Magic
  2652 | D:5      | Reached skill level 5 in Earth Magic
  2652 | D:5      | Reached skill level 5 in Alchemy
  2655 | D:5      | HP: 1/54 [gnoll/+0 spear[a gnoll sergeant] (8)]
  2665 | D:5      | Slain by a sleepcap

Illustrated notes

Levels and vault maps discovered:
D:1:      dpeg_arrival_shelter, layout_basic, serial_shops, shop
D:2:      layout_loops_corners, minmay_pentomino_o2, uniq_jessica
D:3:      layout_loops_cross
D:4:      layout_basic, uniq_duvessa, uniq_sigmund
D:5:      layout_basic, ebering_ghost_sewer_f, uniq_eustachio

Skill      XL: |  1  2  3  4  5  6  7 |
---------------+----------------------+-----
Fighting       | 1 2 3 4 5 |  5.2
Spellcasting   | 4 5 |  5.1
Conjurations   | 4 5 |  5.1
Hexes          | 4 5 |  5.1
Summonings     | 4 5 |  5.1
Necromancy     | 4 5 |  5.1
Translocations | 4 5 |  5.1
Fire Magic     | 4 5 |  5.1
Ice Magic      | 4 5 |  5.1
Air Magic      | 4 5 |  5.1
Earth Magic    | 4 5 |  5.1
Alchemy        | 4 5 |  5.1
Dodging        | |  2.1
Stealth        | |  1.5

Action                     |  1- 3 |  4- 6 |  7- 9 || total
---------------------------+-------+-------+-------++-------
  Melee: Unarmed           |     1 |       |       ||     1
   Cast: Foxfire           |    92 |   148 |     1 ||   241
         Scorch            |     1 |     7 |     8 ||    16
         Mercury Vapours   |       |     1 |     2 ||     3
    Use: Potion            |       |       |     6 ||     6
         Scroll            |       |       |     2 ||     2
 Armour: Robe              |     3 |    10 |    40 ||    53
  Dodge: Dodged            |     4 |     6 |    28 ||    38
